 Dungeon Crawl Stone Soup version 0.21.1-1-g345015f (webtiles) character file.

191 inc the Scratcher (level 5, -6/24 HPs)
             Began as a Felid Chaos Knight on Feb 23, 2018.
             Mangled by a shadow (9 damage)
             ... summoned by the capriciousness of Xom
             ... on level 4 of the Dungeon.
             The game lasted 00:07:48 (10876 turns).

inc the Scratcher (Felid Chaos Knight)             Turns: 10876, Time: 00:07:48

Health: -6/24      AC:  2    Str:  8    XL:     5   Next: 41%
Magic:  6/6        EV: 20    Int: 16    God:    Xom [.*....]
Gold:   234        SH:  0    Dex: 15    Spells: 4/4 levels left
                                        Lives:  0   Deaths: 1

rFire    . . .     SeeInvis +     - Unarmed
rCold    . . .     Gourm    .   (shield unavailable)
rNeg     . . .     Faith    .   (armour unavailable)
rPois    .         Spirit   .   (helmet unavailable)
rElec    .         Reflect  .   (cloak unavailable)
rCorr    .         Harm     .   (gloves unavailable)
MR       +....                  (boots unavailable)
Stlth    ++........             (no amulet)
HPRegen  0.08/turn              m - ring of protection from magic
MPRegen  0.10/turn              (no ring)

@: quick
A: very small, no armour, no weapons or thrown items, stealth, antennae 1, claws
1, fangs 3, see invisible, carnivore, deterioration 1, speed 1, shaggy fur 2,
slow metabolism 1, sharp paws
a: Renounce Religion


You were on level 4 of the Dungeon.
You worshipped Xom.
You were a plaything of Xom.
You were near starving.

You visited 1 branch of the dungeon, and saw 4 of its levels.

You collected 234 gold pieces.

Inventory:

Jewellery
 m - a ring of protection from magic (left paw)
Wands
 i - a wand of acid (9)
 k - a wand of iceblast (12)
 o - a wand of flame (13)
Scrolls
 b - 4 scrolls of teleportation
 c - 3 scrolls of identify
 d - 8 scrolls of remove curse
 g - a scroll of fear
Potions
 e - a potion of resistance
 h - a potion of degeneration
 j - a potion of might
 l - a potion of invisibility
 n - a potion of agility
Comestibles
 a - 4 rations


   Skills:
 - Level 3.0 Fighting
 + Level 5.3 Dodging
 - Level 6.3 Unarmed Combat


You had 4 spell levels left.
You didn't know any spells.

Dungeon Overview and Level Annotations

Branches:
Dungeon (4/15)
 Temple: D:4-7

Altars:
Xom

Annotations:
D:2 Crazy Yiuf


Innate Abilities, Weirdness & Mutations

You cannot wear armour.
You are incapable of wielding weapons or throwing items.
Your paws allow you to move quietly. (Stealth)
You have sharp claws.
You have razor-sharp teeth.
You have supernaturally acute eyesight. (SInv)
You are carnivorous and can eat meat at any time.
You cover ground quickly.
You are covered in thick fur. (AC +2)
You have a slow metabolism.
Your sharp claws are effective at attacking unaware monsters.
You have a pair of small antennae on your head.
Your body sometimes deteriorates upon taking damage.


Message History

Flickering shadows surround you.
There are monsters nearby!
There are monsters nearby!
The shadow slips into darkness.
The shadow flickers and vanishes for a moment.
The shadow misses you.
You scratch the shadow. You claw the shadow, but do no damage.
The shadow is lightly damaged.
The shadow closely misses you.
You barely miss the shadow. You bite the shadow, but do no damage.
The shadow is lightly damaged.
The shadow hits you.
You scratch the shadow.
The shadow is lightly damaged.
The shadow hits you! x2
* * * LOW HITPOINT WARNING * * *
You scratch the shadow but do no damage.
The shadow is lightly damaged.
The shadow hits you!
You die...

<........+#......#####...........
##.......##......##########......
##.......##.......#.....# #####..
.'.[.....##.#.#...#.....# #..
##......###'#.#...#.....#######..
#............###.......##.......
#######................##......#
#....................##......#
#...........W@....#####......#
#............W.#####..........
#........(.......#............
#......#'#.......#.#...###....
########.#.......#.#...# #....
###.#.......#.#...# ####.
#<#.#.......#.##.## .
#.#.#............#
#.#.#.#####.8#8..#


You could see 2 shadows.

Vanquished Creatures
  2 howler monkeys (D:4)
  2 hounds (D:4)
  An iguana (D:4)
  A worker ant (D:4)
  5 adders
  An ooze (D:4)
  An adder skeleton (D:4)
  2 worms (D:3)
  A dart slug (D:1)
  2 leopard geckos
  6 orcs
  A ball python (D:2)
  8 giant cockroaches
  5 goblins
  9 hobgoblins
  7 jackals
  3 quokkas (D:3)
  6 bats
  3 frilled lizards (D:2)
  7 kobolds
  A leopard gecko skeleton (D:4)
  8 rats
82 creatures vanquished.

Vanquished Creatures (collateral kills)
  A worker ant (D:4)
1 creature vanquished.

Grand Total: 83 creatures vanquished

Notes
Turn   | Place    | Note
-------+----------+-------------------------------------------
     0 | D:1      | inc the Felid Chaos Knight began the quest for the Orb.
     0 | D:1      | Reached XP level 1. HP: 10/10 MP: 2/2
   111 | D:1      | XOM: harmless Fire miscast
   191 | D:1      | Reached XP level 2. HP: 14/14 MP: 3/3
   768 | D:2      | Reached skill level 4 in Unarmed Combat
  1112 | D:2      | XOM: swap monsters
  1128 | D:2      | Reached XP level 3. HP: 11/17 MP: 4/4
  1312 | D:2      | XOM: butterfly on damage
  1654 | D:2      | XOM: god gift: runed triple sword {god gift}
  1715 | D:2      | XOM: harmless Pois miscast
  1747 | D:2      | Found a shimmering altar of Xom.
  1867 | D:2      | Found a runed door.
  2136 | D:2      | Noticed Crazy Yiuf
  2141 | D:2      | XOM: butterfly on damage
  2141 | D:2      | XOM: smoke on damage
  2141 | D:2      | Xom revived you
  2153 | D:2      | XOM: scenery: create altars
  2399 | D:1      | XOM: give mutations
  2399 | D:1      | Gained mutation: You are dopey. (Int -2) [Xom's mischief]
  2399 | D:1      | Gained mutation: You are covered in thick fur. (AC +2) [Xom's mischief]
  2439 | D:3      | Reached XP level 4. HP: 13/21 MP: 5/5
  2562 | D:3      | Reached skill level 5 in Unarmed Combat
  2719 | D:3      | XOM: summons 2 hostile demons
  2730 | D:3      | XOM: severe Hex miscast
  2744 | D:3      | XOM: confusion
  3103 | D:3      | XOM: harmless Chrm miscast
  3220 | D:3      | XOM: scenery: create altars
  3403 | D:4      | Reached XP level 5. HP: 21/24 MP: 6/6
  3403 | D:4      | XOM: confuse monster(s)
  3416 | D:4      | Reached skill level 6 in Unarmed Combat
  3535 | D:4      | Lost mutation: You are dopey. (Int -2) [potion of mutation]
  3535 | D:4      | Lost mutation: You are covered in thick fur. (AC +2) [potion of mutation]
  3535 | D:4      | Gained mutation: Your body sometimes deteriorates upon taking damage. [potion of mutation]
  3535 | D:4      | Gained mutation: You have a pair of small antennae on your head. [potion of mutation]
  3579 | D:4      | XOM: cast spell 'Summon Hydra'
  3953 | D:4      | XOM: divination: detect items
  4278 | D:4      | XOM: 1-stop teleportation journey
  4367 | D:4      | XOM: fog
  4374 | D:4      | Gained mutation: You are covered in thick fur. (AC +2) [Felid growth]
  4374 | D:4      | Reached XP level 6. HP: 17/28 MP: 7/7
  4381 | D:4      | XOM: enchant monster (bad)
  4414 | D:4      | XOM: cast spell 'Shadow Creatures'
  4549 | D:3      | XOM: divination: magic mapping
  4738 | D:4      | HP: 2/42 [poisoned by a worker ant]
  4742 | D:4      | Succumbed to a worker ant's poison
  4743 | D:4      | Reached XP level 5. HP: 0/36 MP: 6/6
  4997 | D:4      | XOM: mild Hex miscast
  5812 | D:4      | Reached skill level 5 in Dodging
  6391 | D:4      | XOM: scenery: 2 doors close
  7725 | D:4      | XOM: harmless Pois miscast
  8131 | D:4      | XOM: scenery: 2 doors open
  8737 | D:4      | XOM is BORED!
  9160 | D:4      | XOM: medium Pois miscast
 10023 | D:4      | XOM: god gift: 22 sling bullets
 10227 | D:4      | XOM: harmless Erth miscast
 10764 | D:4      | XOM: god gift: 29 arrows
 10868 | D:4      | XOM: medium Necr miscast
 10869 | D:4      | Noticed a shadow
 10869 | D:4      | Noticed a shadow
 10876 | D:4      | Mangled by a shadow

Skill      XL: |  1  2  3  4  5 |
---------------+----------------+-----
Unarmed Combat | 4 5 6 |  6.3
Dodging        | 5 |  5.3
Fighting       | |  3.0

Action                   |  1- 3 |  4- 6 || total
-------------------------+-------+-------++-------
Melee: Unarmed           |   124 |   188 ||   312
       Bite              |     8 |    10 ||    18
       Punch             |       |     3 ||     3
  Use: Potion            |     2 |     6 ||     8
       Scroll            |     2 |     7 ||     9
 Stab: Sleeping          |     8 |     5 ||    13
       Distracted        |       |     1 ||     1
       Confused          |       |     1 ||     1
  Eat: Chunk             |     8 |     4 ||    12
       Ration            |       |     4 ||     4
Armor: Skin              |    10 |    52 ||    62
Dodge: Dodged            |   108 |   149 ||   257
